 Dungeon Crawl Stone Soup version 0.22.1-6-g1668fe2 (webtiles) character file.

14371 dengdeng the Slicer (level 11, -5/99 HPs)
             Began as a Minotaur Berserker on Jan 24, 2019.
             Was a High Priest of Trog.
             Slain by a cyclops (7 damage)
             ... on level 11 of the Dungeon.
             The game lasted 00:39:36 (11466 turns).

dengdeng the Slicer (Minotaur Berserker)           Turns: 11466, Time: 00:39:37

Health: -5/99      AC: 16    Str: 23    XL:     11   Next: 87%
Magic:  10/10      EV:  9    Int:  4    God:    Trog [*****.]
Gold:   483        SH:  5    Dex: 12    Spells: 10/10 levels left

rFire    . . .     SeeInvis .   P - +1 morningstar (crush)
rCold    . . .     Gourm    .   y - +0 buckler
rNeg     . . .     Faith    .   Y - +0 plate armour
rPois    +         Spirit   .   (helmet restricted)
rElec    .         Reflect  .   (no cloak)
rCorr    .         Harm     .   T - +0 pair of gloves
MR       .....                  U - +0 pair of boots
Stlth    ..........             (no amulet)
HPRegen  0.26/turn              N - ring of poison resistance
MPRegen  0.12/turn              L - ring of stealth

@: very slow
A: retaliatory headbutt, horns 2
a: Berserk, Trog's Hand, Brothers in Arms, Renounce Religion


You were on level 11 of the Dungeon.
You worshipped Trog.
Trog was extremely pleased with you.
You were not hungry.

You visited 1 branch of the dungeon, and saw 11 of its levels.

You collected 519 gold pieces.
You spent 36 gold pieces at shops.

Inventory:

Hand Weapons
 w - the +8 rapier of Defence {speed, Dex+2 SInv}
   (You found it on level 4 of the Dungeon)

   Attacks with this weapon are significantly faster.
   It affects your dexterity (+2).
   It lets you see invisible.
 P - a +1 morningstar of crushing (weapon)
Missiles
 f - 6 javelins (quivered)
 m - 9 tomahawks
 o - 405 stones
 W - 3 tomahawks of returning
Armour
 y - a +0 buckler (worn)
 T - a +0 pair of gloves (worn)
 U - a +0 pair of boots (worn)
 Y - a +0 plate armour (worn)
Jewellery
 L - a ring of stealth (right hand)
 N - a ring of poison resistance (left hand)
Wands
 v - a wand of digging (10)
 Q - a wand of random effects (27)
 R - a wand of flame (12)
 S - a wand of acid (10)
Scrolls
 b - a scroll of blinking {unknown}
 e - 2 scrolls of amnesia {unknown}
 g - 9 scrolls of identify {unknown}
 h - 4 scrolls of teleportation
 i - 6 scrolls of remove curse
 j - 2 scrolls of enchant armour {unknown}
 k - 3 scrolls of enchant weapon {unknown}
 q - a scroll of noise {unknown}
 B - 2 scrolls of magic mapping {unknown}
 H - 3 scrolls of fear {unknown}
 J - a scroll of fog {unknown}
 O - a scroll of vulnerability {unknown}
Potions
 d - 4 potions of lignification {unknown}
 l - 8 potions of might {unknown}
 n - a potion of agility
 p - 4 potions of degeneration {unknown}
 r - 3 potions of mutation {unknown}
 u - 2 potions of heal wounds {unknown}
 z - a potion of cancellation {unknown}
 F - 3 potions of curing
 G - a potion of brilliance {unknown}
 K - a potion of berserk rage {unknown}
 M - 2 potions of magic {unknown}
 V - 2 potions of flight {unknown}
 X - a potion of ambrosia {unknown}
Comestibles
 c - 20 rations


   Skills:
 + Level 9.7 Fighting
 - Level 12.2 Short Blades
   Level 6.8(9.4) Axes
 * Level 10.0(10.8) Maces & Flails
 + Level 1.1 Throwing
 + Level 8.6 Armour
 + Level 5.1 Dodging
 + Level 3.0 Stealth
 + Level 4.3 Shields


You had 10 spell levels left.
You didn't know any spells.
Your spell library was empty.

Dungeon Overview and Level Annotations

Branches:
Dungeon (11/15)            Temple (0/1) D:7            Lair (0/6) D:11
    Orc (0/2) D:11

Altars:
Dithmenos
Elyvilon
Fedhas
Gozag
Hepliaklqana
Makhleb
Nemelex Xobeh
Qazlal
Trog
Uskayaw
Vehumet
Wu Jian
Yredelemnul
The Shining One

Shops:
D:5 (   D:6 ![


Innate Abilities, Weirdness & Mutations

You reflexively headbutt those who attack you in melee.
You have a pair of horns on your head.


Message History

The hippogriff screeches!
You block the cyclops's attack.
The crimson imp blinks!
The cyclops closely misses you. You furiously retaliate!
You headbutt the cyclops. You sock the cyclops! You headbutt the cyclops.
The cyclops is heavily wounded.
The cyclops hits you but does no damage.
You puncture the cyclops!
You headbutt the cyclops, but do no damage.
The cyclops is almost dead.
The crimson imp hits you but does no damage.
The cyclops hits you!
* * * LOW HITPOINT WARNING * * *
The cyclops hits you!!
* * * LOW HITPOINT WARNING * * *
You hit the cyclops but do no damage.
You headbutt the cyclops, but do no damage.
The cyclops is almost dead.
You block the crimson imp's attack. The cyclops hits you!
You die...

# #.####.#####≈.≈≈≈≈≈...#.....#.
# #.##.........≈.≈..≈.#.#.....#.
####.##.#.####...≈≈..≈.≈.#.......
..........# #..≈(...≈...#....##.
..÷.....### #..≈..≈≈≈≈≈.###.##..
≈.......# #.(≈...≈≈≈..# ######
.≈≈≈...## #(.≈.∩..≈.≈.# ≈≈≈≈≈..#
#..≈....≈..## ≈≈≈≈≈≈..#
##C@5...≈≈.# ≈≈≈≈≈...#
#C≈.≈≈.≈≈.# .≈≈≈....#
#..≈..≈≈≈≈≈# ....≈...#
#..H..≈.≈≈≈ ......≈.≈.≈
###≈.≈≈≈≈≈.# ....≈≈≈≈.#
.≈≈≈≈≈≈.≈#


You could see 2 cyclopes, a hippogriff and a crimson imp.

Vanquished Creatures
  A centaur warrior (D:9)
  An unseen horror (D:8)
  Pikel (D:8)
  A harpy (D:9)
  A cyclops (D:11)
  A manticore (D:11)
  A centaur zombie (D:11)
  Psyche (D:11)
  2 ice devils (D:11)
  A hornet (D:11)
  2 polar bears (D:11)
  3 hippogriffs
  A water elemental (D:11)
  A spriggan (D:7)
  A shadow (D:11)
  A centaur simulacrum (D:11)
  11 yaks
  A wyvern (D:9)
  A hungry ghost (D:7)
  Grum (D:10)
  3 wargs (D:11)
  2 steam dragons (D:8)
  A porcupine (D:11)
  3 ice beasts
  3 orc warriors
  An eye of draining (D:11)
  2 phantoms
  3 sky beasts
  4 black bears (D:11)
  A necrophage (D:9)
  4 ogres
  6 wolves
  5 centaurs
  A crocodile (D:11)
  A big kobold (D:9)
  11 bullfrogs
  A wyvern zombie (D:11)
  A water moccasin zombie (D:9)
  2 wyvern skeletons (D:9)
  4 scorpions
  4 wights (D:9)
  2 howler monkeys
  5 crimson imps
  2 quasits
  3 bullfrog skeletons
  A bullfrog zombie (D:8)
  4 hounds
  4 jellies
  7 orc priests
  2 centaur skeletons
  8 worker ants
  Terence (D:3)
  8 orc wizards
  3 iguanas
  2 killer bee zombies
  A hound zombie (D:9)
  7 gnolls
  9 adders
  4 shadow imps
  2 white imps (D:11)
  An ufetubus (D:11)
  An adder skeleton (D:9)
  5 worms
  A dart slug (D:2)
  8 leopard geckos
  20 orcs
  4 giant cockroaches
  8 goblins
  6 hobgoblins
  2 jackals (D:1)
  5 quokkas
  10 bats
  6 frilled lizards
  2 giant cockroach zombies (D:5)
  A jackal skeleton (D:7)
  10 kobolds
  A leopard gecko skeleton (D:4)
  A leopard gecko zombie (D:8)
  A quokka zombie (D:8)
  6 rats
  2 plants
273 creatures vanquished.

Vanquished Creatures (others)
  12 fungi
  2 plants (D:11)
14 creatures vanquished.

Grand Total: 287 creatures vanquished

Notes
Turn   | Place    | Note
-------+----------+-------------------------------------------
     0 | D:1      | dengdeng the Minotaur Berserker began the quest for the
                  | Orb.
     0 | D:1      | Reached XP level 1. HP: 19/19 MP: 0/0
   338 | D:1      | Reached XP level 2. HP: 17/27 MP: 1/1
  1000 | D:2      | Reached ** piety under Trog
  1246 | D:2      | Reached XP level 3. HP: 31/34 MP: 2/2
  1722 | D:2      | Reached XP level 4. HP: 26/41 MP: 3/3
  1978 | D:2      | Found a hide-covered altar of Uskayaw.
  2299 | D:2      | Reached skill level 5 in Axes
  2518 | D:3      | Noticed Terence
  2538 | D:3      | Killed Terence
  2850 | D:3      | Found a glowing golden altar of the Shining One.
  2867 | D:3      | Found a sparkling altar of Nemelex Xobeh.
  2953 | D:3      | Reached XP level 5. HP: 46/47 MP: 4/4
  3176 | D:3      | Reached skill level 5 in Fighting
  3179 | D:3      | Reached *** piety under Trog
  3411 | D:4      | Got a crude rapier
  3415 | D:4      | Found a hazy altar of Hepliaklqana.
  3415 | D:4      | Found an ornate altar of the Wu Jian Council.
  3416 | D:4      | Identified the +8 rapier of Defence {speed, Dex+2 SInv}
                  | (You found it on level 4 of the Dungeon)
  3451 | D:4      | Found a bloodstained altar of Trog.
  3452 | D:4      | Found a shadowy altar of Dithmenos.
  3499 | D:4      | Found a burning altar of Makhleb.
  3631 | D:4      | Found a white marble altar of Elyvilon.
  3755 | D:4      | Reached skill level 1 in Short Blades
  3894 | D:4      | Reached XP level 6. HP: 54/56 MP: 5/5
  4052 | D:4      | Found a blossoming altar of Fedhas.
  4247 | D:5      | Entered Level 5 of the Dungeon
  4292 | D:5      | Noticed a hippogriff
  4306 | D:5      | Killed a hippogriff
  4306 | D:5      | Reached skill level 2 in Short Blades
  4438 | D:5      | Reached XP level 7. HP: 45/62 MP: 6/6
  4440 | D:5      | Reached skill level 3 in Short Blades
  4589 | D:5      | Reached skill level 4 in Short Blades
  4639 | D:5      | Reached skill level 5 in Short Blades
  4868 | D:5      | Found Nexkuhiy's Antique Weapon Shop.
  5173 | D:6      | Reached XP level 8. HP: 71/71 MP: 7/7
  5210 | D:6      | Reached skill level 6 in Short Blades
  5218 | D:6      | Found Fos Icke's Distillery.
  5242 | D:6      | Bought a potion of curing for 36 gold pieces
  5339 | D:6      | Found Yruseff's Antique Armour Boutique.
  5340 | D:6      | Got a jewelled dagger
  5382 | D:6      | Reached **** piety under Trog
  5382 | D:6      | Reached skill level 5 in Armour
  5608 | D:6      | Reached skill level 7 in Short Blades
  5626 | D:6      | Got an ebony dagger
  5744 | D:6      | Found a radiant altar of Vehumet.
  5914 | D:7      | Noticed a hippogriff
  5920 | D:7      | Killed a hippogriff
  5967 | D:7      | Reached skill level 8 in Short Blades
  6141 | D:7      | Found a staircase to the Ecumenical Temple.
  6156 | D:7      | Reached skill level 1 in Shields
  6231 | D:7      | Reached XP level 9. HP: 71/79 MP: 8/8
  6441 | D:7      | Reached skill level 9 in Short Blades
  6775 | D:8      | Found a shadowy altar of Dithmenos.
  6906 | D:8      | Noticed an unseen horror
  6919 | D:8      | Killed an unseen horror
  6919 | D:8      | Reached skill level 10 in Short Blades
  6919 | D:8      | Reached skill level 1 in Stealth
  7084 | D:8      | Found a stormy altar of Qazlal.
  7087 | D:8      | Noticed Pikel
  7095 | D:8      | Killed Pikel
  7095 | D:8      | Reached skill level 11 in Short Blades
  7422 | D:8      | Reached XP level 10. HP: 88/88 MP: 9/9
  7884 | D:9      | Got a heavily runed ring mail
  7895 | D:9      | Identified the +5 ring mail of the Sun {-Tele rF+ rN+
                  | Str+5} (You found it on level 9 of the Dungeon)
  8308 | D:9      | Noticed a centaur warrior
  8313 | D:9      | Killed a centaur warrior
  8320 | D:9      | Noticed a harpy
  8356 | D:9      | Reached skill level 12 in Short Blades
  8396 | D:9      | Killed a harpy
  8492 | D:9      | Reached skill level 1 in Maces & Flails
  8582 | D:9      | Found an opulent altar of Gozag.
  8676 | D:10     | Entered Level 10 of the Dungeon
  8689 | D:10     | Found a basalt altar of Yredelemnul.
  8694 | D:10     | Noticed Grum
  8701 | D:10     | Reached skill level 1 in Throwing
  8705 | D:10     | Killed Grum
  8939 | D:10     | Reached ***** piety under Trog
  9478 | D:10     | Reached XP level 11. HP: 94/97 MP: 10/10
  9618 | D:11     | Found a staircase to the Lair.
  9664 | D:11     | Reached skill level 5 in Maces & Flails
  9697 | D:11     | Received a gift from Trog
 10039 | D:11     | Found a staircase to the Orcish Mines.
 10141 | D:11     | Received a gift from Trog
 10804 | D:11     | Noticed Psyche
 10809 | D:11     | Killed Psyche
 10809 | D:11     | Reached skill level 5 in Dodging
 11453 | D:11     | Reached skill level 10 in Maces & Flails
 11465 | D:11     | HP: 2/99 [cyclops (26)]
 11466 | D:11     | Slain by a cyclops

Skill      XL: |  1  2  3  4  5  6  7  8  9 10 11 |
---------------+----------------------------------+-----
Fighting       | 4 5 6 7 8 9 |  9.7
Axes           | 4 5 6 |  6.8
Dodging        | 3 4 5 |  5.1
Armour         | 3 4 5 7 8 |  8.6
Short Blades   | 1 2 5 8 11 12 | 12.2
Shields        | 1 3 4 |  4.3
Stealth        | 1 2 3 |  3.0
Maces & Flails | 3 10 | 10.0
Throwing       | 1 |  1.1

Action                   |  1- 3 |  4- 6 |  7- 9 | 10-12 || total
-------------------------+-------+-------+-------+-------++-------
Melee: Hand axe          |    62 |    79 |       |    15 ||   156
       Headbutt          |     7 |    31 |    48 |    77 ||   163
       Flail             |       |    39 |       |       ||    39
       Rapier            |       |    31 |   216 |    77 ||   324
       Morningstar       |       |       |       |   245 ||   245
Throw: Javelin           |     9 |       |       |     3 ||    12
       Tomahawk          |     3 |       |       |       ||     3
Invok: Berserk           |       |     1 |       |       ||     1
       Trog's Hand       |       |       |     1 |     5 ||     6
  Use: Scroll            |       |     1 |     1 |       ||     2
 Stab: Sleeping          |     1 |       |       |     8 ||     9
  Eat: Chunk             |     2 |    10 |    12 |    11 ||    35
       Ration            |       |       |       |     1 ||     1
Armor: Animal skin       |    11 |       |       |       ||    11
       Scale mail        |       |    17 |       |       ||    17
       Chain mail        |       |    39 |    64 |     4 ||   107
       Ring mail         |       |       |       |   142 ||   142
       Plate armour      |       |       |       |     7 ||     7
Dodge: Dodged            |    40 |    64 |    44 |   229 ||   377
Block: Buckler           |       |     2 |    19 |    72 ||    93
